 Dungeon Crawl Stone Soup version 0.29.1-15-g9cfb28693d (webtiles) character file.

Game seed: 5269218747818837259

19542 Eitelfritz the Severer (level 12, 0/100 HPs)
             Began as a Hill Orc Fighter on Apr 15, 2023.
             Was an Elder of Hepliaklqana.
             Shot with an arrow by Nessos (6 damage)
             ... on level 13 of the Dungeon.
             The game lasted 00:30:57 (11294 turns).

Eitelfritz the Severer (Hill Orc Fighter)          Turns: 11294, Time: 00:30:57

Health: 0/100      AC: 20    Str: 24    XL:     12   Next: 70%
Magic:  12/12      EV: 20    Int:  8    God:    Hepliaklqana [****..]
Gold:   586        SH:  5    Dex: 10    Spells: 11/11 levels left

rFire   . . .      SeeInvis +   a - +5 war axe (flame)
rCold   . . .      Faith    .   c - +0 buckler
rNeg    + . .      Spirit   .   M - +0 acid dragon scales
rPois   .          Reflect  .   Q - +0 helmet {SInv}
rElec   .          Harm     .   j - +2 cloak
rCorr   +          Rampage  .   C - +2 pair of gloves
Will    .....                   y - +2 pair of boots {Fly}
Stlth   +.........              i - amulet of regeneration
HPRegen 1.06/turn               w - +4 ring of evasion
MPRegen 0.13/turn               v - ring "Xymno" {rN+ EV+4}

@: lethally poisoned (0 -> -10), on berserk cooldown, flying, slowed, very slow
A: reduced essence
a: Renounce Religion, Recall Ancestor, Ancestor Identity, Transference, Idealise


You were on level 13 of the Dungeon.
You worshipped Hepliaklqana.
Hepliaklqana was greatly pleased with you.
You visited 2 branches of the dungeon, and saw 14 of its levels.
You also visited: Sewer and Bailey.

You collected 1140 gold pieces.
You spent 554 gold pieces at shops.

Inventory:

Hand Weapons
 a - a +5 war axe of flaming (weapon)
 b - a +0 sling
 J - a +0 war axe of protection
Missiles
 g - a throwing net
 A - 19 poisoned darts (quivered)
 D - 22 javelins
 I - 3 curare-tipped darts
 N - 4 datura-tipped darts
Armour
 c - a +0 buckler (worn)
 j - a +2 cloak (worn)
 y - a +2 pair of boots of flying (worn)
 C - a +2 pair of gloves (worn)
 M - +0 acid dragon scales (worn)
 Q - a +0 helmet of see invisible (worn)
Jewellery
 e - a ring of willpower
 i - an amulet of regeneration (around neck)
 s - a +6 ring of dexterity
 u - a ring of see invisible
 v - the ring "Xymno" (right hand) {rN+ EV+4}
   (You found it on level 11 of the Dungeon)

   [ring of evasion]

   EV:        It affects your evasion (+4).
   rN:        It protects you from negative energy.
 w - a +4 ring of evasion (left hand)
 G - a +4 ring of evasion
Wands
 h - a wand of flame (54)
 k - a wand of mindburst (5)
 n - a wand of charming (1)
 B - a wand of acid (4)
 H - a wand of roots (4)
Scrolls
 o - 5 scrolls of poison
 p - a scroll of magic mapping
 q - 6 scrolls of teleportation
 r - 2 scrolls of amnesia
 L - a scroll of brand weapon
 P - 2 scrolls of identify
Potions
 d - 4 potions of might
 f - 4 potions of brilliance
 l - a potion of invisibility
 m - 6 potions of curing
 x - 4 potions of haste
 z - a potion of mutation
 E - 2 potions of lignification
 F - 2 potions of magic
 K - a potion of attraction


   Skills:
 + Level 11.8 Fighting
 + Level 17.3 Axes
 + Level 9.4 Armour
 + Level 5.4 Dodging
 + Level 2.4 Stealth
 + Level 7.9 Shields


You had 11 spell levels left.
You didn't know any spells.
Your spell library contained the following spells:

 Spells                   Type           Power      Damage    Failure   Level
 Foxfire                  Conj/Fire      0%         2x1d4     54%         1
 Call Imp                 Summ           0%         N/A       69%         2
 Sublimation of Blood     Necr           0%         N/A       69%         2
 Wereblood                Tmut           0%         N/A       69%         2
 Conjure Flame            Conj/Fire      0%         6-21      89%         3
 Ignite Poison            Fire/Tmut/Pois 0%         N/A       89%         3
 Inner Flame              Hex/Fire       0%         N/A       89%         3
 Portal Projectile        Hex/Tloc       0%         N/A       89%         3
 Tukima's Dance           Hex            0%         N/A       89%         3
 Flame Wave               Conj/Fire      0%         2d4       100%        4
 Sticky Flame             Conj/Fire      0%         2d3       100%        4
 Blade Hands              Tmut           0%         N/A       100%        5
 Haunt                    Necr/Summ      0%         N/A       100%        7
 Summon Hydra             Summ           0%         N/A       100%        7


Dungeon Overview and Level Annotations

Branches:
Dungeon (13/15)            Temple (1/1) D:6            Lair (0/5) D:8
    Orc (0/2) D:11          Sewer (visited)          Bailey (visited)
 Vaults: D:13-14

Altars:
Ashenzari
Cheibriados
Dithmenos
Elyvilon
Fedhas
Gozag
Hepliaklqana
Kikubaaqudgha
Makhleb
Nemelex Xobeh
Okawaru
Qazlal
Ru
Sif Muna
Trog
Uskayaw
Vehumet
Wu Jian
Xom
Yredelemnul
Zin
The Shining One

Shops:
D:1 ?   D:10 =**

Annotations:
D:10 3 runed translucent doors, Eitelfritz's ghost, novice HOFi
D:13 Nessos


Message History

The arrow hits you. The arrow burns you.
You are poisoned.
You feel a strong urge to attack something.
You feel sick.
Nessos shoots an arrow.
The arrow hits you. The arrow burns you.
You are more poisoned.
You feel very sick.
Nessos gestures wildly while chanting.
Nessos blinks!
You feel your anger nearly subside.
You are no longer berserk.
You are exhausted.
You feel yourself slow down.
You feel very sick.
Nessos mumbles some strange words.
Nessos seems to speed up.
You hear the faint crackling of a very distant melting archway.
You feel very sick.
Nessos gestures wildly while chanting.
Nessos blinks!
Nessos casts a spell.
Nessos blinks!
You feel very sick.
Nessos shoots an arrow.
The arrow hits you! The arrow burns you.
You are more poisoned.
Nessos shoots an arrow.
The arrow hits you. The arrow burns you.
You are more poisoned.
Nessos shoots an arrow.
The arrow hits you!
* * * LOW HITPOINT WARNING * * *
The arrow burns you.
* * * LOW HITPOINT WARNING * * *
Unknown command.
You feel better.
Nessos shoots an arrow.
The arrow hits you!
* * * LOW HITPOINT WARNING * * *
The arrow burns you.
You are poisoned.
* * * LOW HITPOINT WARNING * * *
Nessos shoots an arrow.
The arrow hits you!
* * * LOW HITPOINT WARNING * * *
The arrow burns you.
You are lethally poisoned!
You die...

####### .....# #...# #...#
##########...###############
..?<........@....c..........
............................
...#################ยง.######
# #..# #..# #..#######
#####..[......
...)........<...
................


You could see Nessos (fast).

Vanquished Creatures
  A hydra (D:12)
  2 two-headed ogres
  3 death yaks (D:8)
  Nergalle (D:11)
  2 skeletal warriors (D:12)
  A manticore (D:11)
  A cyclops (D:10)
  A gargoyle (D:12)
  A kobold demonologist (D:9)
  An unseen horror (D:10)
  A komodo dragon (D:11)
  3 trolls
  A hornet (D:5)
  9 slime creatures (D:12)
  An air elemental (D:10)
  A shadow (D:12)
  3 wraiths (D:11)
  A water elemental (D:10)
  A vampire (D:10)
  11 yaks
  A wyvern (D:7)
  3 vampire mosquitoes (D:12)
  A steam dragon (D:7)
  Grum (D:10)
  A water moccasin (Sewer)
  9 orc warriors
  An ice beast (D:7)
  A black bear (D:8)
  3 wolves (D:10)
  4 centaurs (Bailey)
  A phantom (D:4)
  A kobold brigand (D:9)
  2 bullfrogs
  2 necrophages
  3 scorpions
  An earth elemental (D:10)
  4 killer bees
  7 howler monkeys
  A hound (D:6)
  2 orc priests
  Crazy Yiuf (D:2)
  2 iguanas
  Ijyb (D:5)
  14 orc wizards
  7 gnolls
  5 adders
  2 white imps (D:7)
  An ufetubus (D:4)
  3 worms
  2 dart slugs (D:4)
  37 orcs
  9 bats
  3 endoplasms
  2 giant cockroaches
  9 hobgoblins
  9 jackals
  5 quokkas
  10 ball pythons
  3 frilled lizards
  7 goblins
  9 kobolds
  3 rats
239 creatures vanquished.

Vanquished Creatures (collateral kills)
  A skeletal warrior (D:12)
  3 kobold demonologists
  A troll (D:12)
  2 yaks
  A wraith (D:12)
  A fire elemental (D:10)
  A vampire mosquito (D:12)
  An acid dragon (D:9)
  An orc warrior (D:8)
  A black bear (D:8)
  A wolf (D:10)
  5 centaurs
  2 kobold brigands (D:9)
  3 killer bees (D:9)
  2 howler monkeys (D:9)
  13 orcs
  A kobold (D:9)
40 creatures vanquished.

Vanquished Creatures (others)
  4 battlemagi
  An ancestor (D:8)
  An orc (Bailey)
  7 plants (D:4)
13 creatures vanquished.

Grand Total: 292 creatures vanquished

Notes
Turn   | Place    | Note
-------+----------+-------------------------------------------
     0 | D:1      | Eitelfritz the Hill Orc Fighter began the quest for the
                  | Orb.
     0 | D:1      | Reached XP level 1. HP: 19/19 MP: 1/1
   168 | D:1      | Reached XP level 2. HP: 27/27 MP: 2/2
   525 | D:1      | Reached skill level 3 in Axes
   578 | D:1      | Found a faded altar of an unknown god.
   621 | D:1      | Found a faded altar of an unknown god.
   658 | D:1      | Found Rifef's Magic Scroll Shop.
  1094 | D:2      | Reached XP level 3. HP: 32/33 MP: 3/3
  1258 | D:2      | Found a runed translucent door.
  1259 | D:2      | Noticed Crazy Yiuf
  1343 | D:2      | Reached skill level 4 in Axes
  1343 | D:2      | Reached XP level 4. HP: 11/40 MP: 4/4
  1558 | D:2      | Reached XP level 5. HP: 47/47 MP: 5/5
  1808 | D:3      | Reached skill level 5 in Axes
  2513 | D:2      | Killed Crazy Yiuf
  2763 | D:4      | Reached skill level 6 in Axes
  2763 | D:4      | Reached XP level 6. HP: 52/53 MP: 6/6
  3121 | D:4      | Found a glowing silver altar of Zin.
  3294 | D:5      | Entered Level 5 of the Dungeon
  3568 | D:5      | Found a white marble altar of Elyvilon.
  3568 | D:5      | Noticed a hornet
  3573 | D:5      | Killed a hornet
  3574 | D:5      | Reached skill level 5 in Fighting
  3574 | D:5      | Reached skill level 7 in Axes
  3574 | D:5      | Reached skill level 1 in Dodging
  3574 | D:5      | Reached XP level 7. HP: 61/61 MP: 7/7
  3625 | D:5      | Reached skill level 5 in Armour
  3731 | D:5      | Found a glowing drain.
  3735 | Sewer    | Entered a sewer
  4015 | D:5      | Reached skill level 8 in Axes
  4127 | D:5      | Noticed Ijyb
  4136 | D:5      | Killed Ijyb
  4352 | D:5      | Found a sacrificial altar of Ru.
  4352 | D:5      | Found a stormy altar of Qazlal.
  4634 | D:6      | Found a staircase to the Ecumenical Temple.
  4643 | Temple   | Entered the Ecumenical Temple
  4759 | Temple   | Became a worshipper of Hepliaklqana the Forgotten
  4964 | D:6      | Reached XP level 8. HP: 68/68 MP: 8/8
  5831 | D:7      | Noticed a wyvern
  5849 | D:7      | Killed a wyvern
  5850 | D:7      | Reached skill level 9 in Axes
  5937 | D:7      | Reached * piety under Hepliaklqana
  5948 | D:7      | Identified the +10 whip of the Penguin {flame, Dex+2}
  5975 | D:7      | Found a shimmering altar of Xom.
  6209 | D:7      | Noticed a rime drake
  6211 | D:7      | Noticed a death drake
  6213 | D:7      | Noticed an orb spider
  6213 | D:7      | a death drake changed into an orb spider
  6296 | D:7      | Found a shimmering altar of Xom.
  6296 | D:7      | Found a shimmering altar of Xom.
  6296 | D:7      | Found a shimmering altar of Xom.
  6297 | D:7      | Found a shimmering altar of Xom.
  6298 | D:7      | Noticed a glowing orange brain
  6355 | D:8      | Noticed a yak
  6356 | D:8      | Noticed a yak
  6356 | D:8      | Noticed a yak
  6356 | D:8      | Noticed a death yak
  6356 | D:8      | Noticed a yak
  6357 | D:8      | Noticed a death yak
  6366 | D:8      | Noticed a death yak
  6382 | D:8      | Killed a yak
  6383 | D:8      | Reached skill level 10 in Axes
  6383 | D:8      | Reached XP level 9. HP: 56/67 MP: 9/9
  6395 | D:8      | Killed a death yak
  6396 | D:8      | Reached skill level 11 in Axes
  6396 | D:8      | Reached skill level 5 in Shields
  6406 | D:8      | Killed a death yak
  6407 | D:8      | Reached skill level 12 in Axes
  6414 | D:8      | Killed a death yak
  6415 | D:8      | Reached XP level 10. HP: 44/77 MP: 10/10
  6472 | D:8      | Found a staircase to the Lair.
  6541 | D:8      | Noticed a two-headed ogre
  6591 | D:8      | Killed a two-headed ogre
  6592 | D:8      | Reached skill level 13 in Axes
  6592 | D:8      | Reached skill level 1 in Stealth
  6887 | D:8      | Reached ** piety under Hepliaklqana
  6895 | D:8      | Remembered your ancestor Fikile as a battlemage
  7026 | D:9      | Found a flagged portal.
  7082 | Bailey   | Entered a bailey
  7357 | Bailey   | Reached skill level 14 in Axes
  7394 | Bailey   | Reached XP level 11. HP: 80/85 MP: 11/11
  7851 | D:9      | Reached *** piety under Hepliaklqana
  8556 | D:10     | Entered Level 10 of the Dungeon
  8556 | D:10     | Found Sixuvinlac's Jewellery Boutique.
  8559 | D:10     | Bought a ring of see invisible for 210 gold pieces
  8638 | D:10     | Noticed a cyclops
  8644 | D:10     | Killed a cyclops
  8760 | D:10     | Found an ancient bone altar of Kikubaaqudgha.
  8902 | D:10     | Noticed a two-headed ogre
  8909 | D:10     | Killed a two-headed ogre
  8910 | D:10     | Reached skill level 15 in Axes
  8985 | D:10     | Noticed a two-headed ogre
  8989 | D:10     | Noticed Eitelfritz's ghost (novice HOFi)
  9000 | D:10     | Found a runed translucent gate.
  9000 | D:10     | Found a runed translucent gate.
  9000 | D:10     | Found a runed translucent gate.
  9012 | D:10     | Found a large runed translucent door.
  9013 | D:10     | Found a large runed translucent door.
  9023 | D:10     | Found Xapsat's General Store.
  9029 | D:10     | Noticed Grum
  9038 | D:10     | Killed Grum
  9046 | D:10     | Bought a +2 pair of boots of flying for 344 gold pieces
  9140 | D:10     | Found Lekymuah's General Store.
  9613 | D:11     | Found a staircase to the Orcish Mines.
  9656 | D:11     | Noticed Nergalle
  9665 | D:11     | Killed Nergalle
  9666 | D:11     | Reached skill level 10 in Fighting
  9811 | D:11     | Reached **** piety under Hepliaklqana
  9834 | D:11     | Noticed a manticore
  9847 | D:11     | Killed a manticore
  9848 | D:11     | Reached XP level 12. HP: 93/95 MP: 12/12
 10139 | D:11     | Identified the ring "Xymno" {rN+ EV+4}
 10198 | D:11     | Reached skill level 16 in Axes
 10339 | D:12     | Got Nicum's Textbook on Generation
 10405 | D:12     | Reached skill level 5 in Dodging
 10687 | D:12     | Noticed a six-headed hydra
 10691 | D:12     | Killed a four-headed hydra
 10692 | D:12     | Reached skill level 17 in Axes
 11279 | D:13     | Noticed Nessos
 11294 | D:13     | Shot with an arrow by Nessos

Illustrated notes

Levels and vault maps discovered:
D:1:      arrival_zaba_pyramid, layout_basic,
          hellmonk_ecumenical_altar_the_god_not_taken, serial_shops, shop,
          chequers_arboretum
D:2:      layout_rooms, hex_intersection, minmay_distorted,
          uniq_crazy_yiuf_cottage
D:3:      layout_basic, kennysheep_decorative_pillar
D:4:      layout_basic, marbit_many_paths, serial_bayou, serial_bayou_pond_e,
          serial_bayou_pond_c, serial_bayou_lagoon_a, serial_bayou_shore_a,
          st_stairs_6, minmay_misc_feat_five, grunt_ministairs_14
D:5:      layout_basic, elyvilon_altar_3, grunt_temple_overflow_open,
          gup_sewer_entry_spiral, uniq_ijyb
D:6:      layout_layer_cave, minmay_temple_entry_statues_fountains
D:7:      layout_cave_pools, xom_shifter_show
D:8:      layout_rooms, dpeg_lair_monsters
D:9:      layout_grid_maze, enter_bailey_2
D:10:     layout_long_grid, mainiacjoe_overflow_catwalk, gammafunk_ghost_split,
          serial_shops, nicolae_shop_advertising_works
          [nicolae_subvault_shop_adworks], nicolae_inconvenience_store,
          nicolae_stop_n_shop_2, minmay_misc_feat_four_crosses,
          lightli_elemental_guards, uniq_grum
D:11:     minmay_goldmine, layout_small_grid, orc_0_dummy, uniq_nergalle
D:12:     layout_cave_pods
D:13:     layout_long_grid, erik_vaults_2, portal_ice_cave_entry_pillars_1,
          uniq_nessos
Temple:   regret_index_temple_sphere_string

Skill      XL: |  1  2  3  4  5  6  7  8  9 10 11 12 |
---------------+-------------------------------------+-----
Axes           | 3 4 6 7 8 10 12 14 15 17 | 17.3
Fighting       | 4 5 7 8 10 11 | 11.8
Armour         | 4 5 6 7 8 9 |  9.4
Dodging        | 1 2 3 4 5 |  5.4
Shields        | 4 5 6 7 |  7.9
Stealth        | 1 2 |  2.4

Action                   |  1- 3 |  4- 6 |  7- 9 | 10-12 || total
-------------------------+-------+-------+-------+-------++-------
Melee: War axe           |    68 |   145 |   201 |   353 ||   767
Invok: Ancestor Life: Ba |       |       |       |     1 ||     1
  Use: Scroll            |       |     9 |     6 |    17 ||    32
       Potion            |       |       |     4 |     6 ||    10
 Stab: Distracted        |       |       |       |     5 ||     5
Armor: Scale mail        |    26 |    85 |   127 |    88 ||   326
       Acid dragon scale |       |       |       |    50 ||    50
       Chain mail        |       |       |       |     1 ||     1
Dodge: Dodged            |    34 |    68 |    91 |   307 ||   500
Block: Buckler           |    26 |    25 |    57 |   107 ||   215
